AoeStats
← Fazzz7z

Arena

507125859Analyzed
2v2 RM · 16d ago on Sep 16, 2026· 64m 18s· 4 players
Game mode
Random Map
Map size
Medium (4 player)
Population
200
Speed
Normal
Resources
Standard
Victory
Conquest
Starting age
Dark Age
Ending age
Imperial Age
RankedLock teamsTeams togetherTeam positionsShared explorationLock speedFull tech treeHidden civsTurbo modeCheats
Victory
Defeat
🇬🇧 Burgundians · United Kingdom
1410
+19
🇩🇪 Spanish · Germany
1382
+20
🇩🇪 Vietnamese · Germany
1525
-22
🇨🇿 Huns · Czechia
1422
-17
A.H.
10:50 Feudal Age
15:55 Castle Age
13:40 Loom
15:59 Double-Bit Axe
28:39 Imperial Age
28:16 Horse Collar
34:02 Pikeman
36:44 Scale Mail Armor
36:54 Forging
38:08 Chain Mail Armor
38:29 Fletching
38:40 Padded Archer Armor
39:02 Halberdier
41:39 Iron Casting
43:00 Plate Mail Armor
45:40 Blast Furnace
48:36 Bodkin Arrow
48:56 Leather Archer Armor
50:25 Bow Saw
50:32 Elite Skirmisher
52:26 Bracer
56:37 Chemistry
56:16 Ballistics
60:06 Scale Barding Armor
59:22 Light Cavalry
60:29 Cavalier
61:49 Chain Barding Armor
63:19 Hussar
Fazzz7z
8:42 Double-Bit Axe
8:44 Horse Collar
10:42 Feudal Age
10:55 Feudal Age
15:08 Castle Age
13:44 Bow Saw
14:27 Heavy Plow
15:31 Cavalier
16:51 Husbandry
18:03 Gold Mining
19:09 Wheelbarrow
21:40 Scale Barding Armor
22:45 Loom
26:03 Hand Cart
25:35 Town Watch
26:46 Chain Barding Armor
27:38 Two-Man Saw
27:58 Gold Shaft Mining
27:14 Stone Mining
27:51 Forging
29:15 Iron Casting
31:28 Fletching
32:09 Pikeman
32:50 Squires
32:35 Arson
33:18 Scale Mail Armor
34:27 Crop Rotation
37:23 Imperial Age
35:37 Stone Shaft Mining
36:47 Burgundian Vineyards
37:20 Bodkin Arrow
37:25 Padded Archer Armor
37:43 Chain Mail Armor
37:24 Bodkin Arrow
38:43 Conscription
38:54 Halberdier
40:06 Plate Mail Armor
41:01 Blast Furnace
43:21 Bracer
43:22 Padded Archer Armor
44:02 Town Patrol
44:28 Fervor
44:28 Redemption
46:01 Chemistry
46:52 Leather Archer Armor
47:12 Plate Barding Armor
48:15 Ballistics
47:46 Guard Tower
48:07 Masonry
47:52 Murder Holes
48:08 Careening
47:45 Light Cavalry
47:45 Paladin
48:25 Hussar
48:57 Elite Skirmisher
57:31 Coinage
58:22 Man-at-Arms
63:46 Treadmill Crane
64:17 Clinker Construction
64:37 Architecture
64:18 Fortified Wall
superpooper12
11:24 Feudal Age
12:21 Double-Bit Axe
12:26 Horse Collar
14:57 Castle Age
16:13 Bow Saw
16:35 Heavy Plow
18:17 Loom
26:22 Pikeman
29:53 Wheelbarrow
30:23 Town Watch
47:29 Hand Cart
46:52 Man-at-Arms
47:34 Squires
47:58 Long Swordsman
48:44 Scale Mail Armor
49:42 Chain Mail Armor
52:53 Imperial Age
51:46 Forging
52:34 Gold Mining
53:23 Iron Casting
53:13 Fletching
53:23 Padded Archer Armor
53:45 Ballistics
52:55 Halberdier
55:18 Blast Furnace
54:33 Masonry
54:14 Two-Handed Swordsman
54:17 Elite Skirmisher
58:50 Fletching
59:01 Padded Archer Armor
Kümmelbrot OP
11:24 Feudal Age
15:00 Castle Age
13:07 Double-Bit Axe
13:19 Horse Collar
16:01 Bow Saw
15:53 Heavy Plow
20:47 Loom
24:12 Town Watch
25:05 Wheelbarrow
25:31 Gold Mining
26:36 Hand Cart
29:12 Bloodlines
29:03 Husbandry
29:43 Chatras
30:37 Scale Barding Armor
30:43 Forging
34:02 Imperial Age
33:53 Chain Barding Armor
35:54 Plate Barding Armor
35:55 Iron Casting
35:23 Elite Battle Elephant
38:59 Two-Man Saw
38:30 Crop Rotation
37:52 Stone Mining
38:42 Fletching
41:21 Stone Shaft Mining
42:59 Bodkin Arrow
43:06 Elite Rattan Archer
44:25 Ballistics
44:15 Clinker Construction
45:18 Padded Archer Armor
45:18 Bracer
45:47 Guilds
47:22 Padded Archer Armor
47:06 Elite Skirmisher
49:55 Imperial Skirmisher
52:54 Leather Archer Armor
Connection lost

Rejoining the realm…

Still unreachable

The connection could not be restored.

Session expired

The server has moved on; the page needs a fresh start.